 Dungeon Crawl Stone Soup version 0.29-a0-352-g0917bc6 (webtiles) character file.

Game seed: 18167746902687438277

22 Dorkslayer the Skirmisher (level 2, -1/25 HPs)
             Began as a Merfolk Fighter on Apr 23, 2022.
             Killed by divine providence
             ... invoked by an orc priest
              (15 damage)
             ... on level 2 of the Dungeon.
             The game lasted 00:01:49 (899 turns).

Dorkslayer the Skirmisher (Merfolk Fighter)          Turns: 899, Time: 00:01:51

Health: -1/25      AC:  6    Str: 16    XL:     2   Next: 91%
Magic:  2/2        EV:  8    Int:  7    God:
Gold:   65         SH:  4    Dex: 13    Spells: 1/1 levels left

rFire   . . .      SeeInvis .   a - +0 trident
rCold   . . .      Faith    .   c - +0 buckler
rNeg    . . .      Spirit   .   b - +0 scale mail
rPois   .          Reflect  .   (no helmet)
rElec   .          Harm     .   (no cloak)
rCorr   .          Rampage  .   (no gloves)
Will    .....                   (no boots)
Stlth   ..........              (no amulet)
HPRegen 0.08/turn               (no ring)
MPRegen 0.08/turn               (no ring)

@: mighty, brilliant
A: (nimble swimmer 2), mertail
a: no special abilities


You were on level 2 of the Dungeon.
You visited 1 branch of the dungeon, and saw 2 of its levels.

You collected 65 gold pieces.

Inventory:

Hand Weapons
 a - a +0 trident (weapon)
Armour
 b - a +0 scale mail (worn)
 c - a +0 buckler (worn)
Scrolls
 g - a scroll of identify {unknown}
 h - a scroll of fear {unknown}
Potions
 f - a potion of brilliance


   Skills:
 + Level 3.7 Fighting
 + Level 3.1 Polearms
 + Level 2.3 Armour
 + Level 3.2 Shields


You had one spell level left.
You didn't know any spells.
Your spell library contained the following spells:

 Spells                   Type           Power      Damage    Failure   Level
 Magic Dart               Conj           0%         1d3       92%         1
 Call Imp                 Summ           0%         N/A       98%         2
 Mephitic Cloud           Conj/Pois/Air  0%         N/A       100%        3


Dungeon Overview and Level Annotations

Branches:
Dungeon (2/15)

Altars:


Innate Abilities, Weirdness & Mutations

((You are very nimble when in or above water. (Stealth+, EV+, Speed+++)))
Your lower body shifts to a powerful aquatic tail in water.


Message History

Found a stone staircase leading down.
There is a stone staircase leading down here.
There is a stone staircase leading down here.
Done exploring.
Items here: )) รทรท.
There is a stone staircase leading down here.
You climb downwards.
The orc shouts!
There is a stone staircase leading up here.
You hit the orc.
The orc is severely wounded.
A bat comes into view.
An orc priest comes into view. It is wielding a +0 club.
The orc hits you with a +0 club.
The orc priest shouts!
You puncture the orc!
You kill the orc!
You block the bat's attack.
A giant cockroach comes into view.
The orc priest calls down the wrath of Beogh upon you.
Beogh smites you!
Ouch! That really hurt!
The bat barely misses you. The orc hits you with a +0 dagger.
It was a potion of brilliance.
You feel clever all of a sudden.
The bat closely misses you. x2; The orc barely misses you.
It was a potion of curing.
You feel better. The bat hits you but does no damage.
You block the bat's attack. The orc hits you but does no damage.
The orc priest looks braver for a moment.
You feel very mighty all of a sudden.
The bat hits you but does no damage. x2; The orc hits you with a +0 dagger.
You hit the orc priest but do no damage.
The bat barely misses you. The orc hits you but does no damage.
The orc priest barely misses you.
You closely miss the orc priest. You block the orc's attack.
The orc priest calls down the wrath of Beogh upon you.
Beogh smites you!
Ouch! That really hurt!
You die...

##### #.@B#
#o#ob......
#.#.##.....
#...# ....
##### ...
.. .


You could see an orc priest, an orc, a giant cockroach and a bat.

Vanquished Creatures
  A dart slug (D:1)
  An orc (D:2)
  An endoplasm (D:1)
  2 giant cockroaches (D:1)
  A goblin (D:1)
  3 hobgoblins (D:1)
  2 jackals (D:1)
  A bat (D:1)
  A frilled lizard (D:1)
  A kobold (D:1)
  4 rats (D:1)
18 creatures vanquished.

Notes
Turn   | Place    | Note
-------+----------+-------------------------------------------
     0 | D:1      | Dorkslayer the Merfolk Fighter began the quest for the Orb.
     0 | D:1      | Reached XP level 1. HP: 18/18 MP: 1/1
   221 | D:1      | Reached XP level 2. HP: 15/24 MP: 2/2
   455 | D:1      | Found a faded altar of an unknown god.
   899 | D:2      | Killed from afar by an orc priest

Illustrated notes

Levels and vault maps discovered:
D:1:      minmay_arrival_four_houses, layout_loops_ring,
          hellmonk_ecumenical_altar_crossroads, minivault_4,
          minmay_misc_feat_pillars, item_on_display_a
D:2:      layout_basic, serial_shops, nicolae_square_shop, shop, shop

Skill      XL: |  1  2 |
---------------+-------+-----
Polearms       | 3 |  3.1
Fighting       | |  3.7
Armour         | |  2.3
Shields        | |  3.2

Action                   || total
-------------------------++-------
Melee: Trident           ||    60
  Use: Potion            ||     3
Armor: Scale mail        ||    33
Dodge: Dodged            ||    21
Block: Buckler           ||    12

Table legend: (Time is in decaauts)
 A = Elapsed time spent in this place.
 B = Non-inter-level travel time spent in this place.
 C = Inter-level travel time spent in this place.
 D = Time resting spent in this place.
 E = Time spent auto-exploring this place.
 F = Levels seen in this place.
 G = Mean time per level.
                   A        B        C        D        E       F      G
               +--------+--------+--------+--------+--------+-----+--------+
         Total |    909 |    909 |      0 |    110 |    387 |   2 |  454.5 |
       Dungeon |    909 |    909 |      0 |    110 |    387 |   2 |  454.5 |
               +--------+--------+--------+--------+--------+-----+--------+

Top non-repeatable levels by time:
     D:1: 900 daAuts
     D:2: 8 daAuts
